 Dungeon Crawl Stone Soup version 0.30.1-11-g7821555f0a (webtiles) character file.

Game seed: 4956350883292807146

212284 Gumption the Peltast (level 18, -4/173 HPs)
             Began as a Minotaur Berserker on Nov 5, 2023.
             Was a High Priest of Trog.
             Succumbed to Arachne's poison arrow
             ... on level 3 of the Spider Nest on Nov 7, 2023.
             The game lasted 04:25:56 (36929 turns).

Gumption the Peltast (Minotaur Berserker)          Turns: 36929, Time: 04:25:56

Health: -4/173     AC: 37    Str: 27      XL:     18   Next: 24%
Magic:  17/17      EV: 12    Int:  5 (6)  God:    Trog [*****.]
Gold:   1761       SH: 20    Dex: 11      Spells: 17/17 levels left

rFire   . . .        a - +5 broad axe (drain)
rCold   + . .        Q - +0 tower shield
rNeg    . . .        K - +10 plate armour {ponderous}
rPois   .            q - +2 hat
rElec   +            v - scarf {repulsion}
rCorr   .            h - +0 pair of gloves
SInv    .            F - +0 pair of boots
Will    ++++.        x - amulet of the acrobat Stlth
                     i - +4 ring of protection
HPRegen 1.48/turn    I - ring "Ijash" {rElec rC+ Will+}
MPRegen 0.15/turn

%: repel missiles, acrobat
@: lethally poisoned (-4 -> -18), strong-willed, on berserk cooldown,
regenerating, slowed, very slow
A: horns 2, retaliatory headbutt
}: 1/15 runes: decaying
a: Renounce Religion, Berserk, Trog's Hand, Brothers in Arms


You were on level 3 of the Spider Nest.
You worshipped Trog.
Trog was extremely pleased with you.
You visited 5 branches of the dungeon, and saw 30 of its levels.
You also visited: Sewer.

You collected 2944 gold pieces.
You spent 1183 gold pieces at shops.

Inventory:

Hand Weapons
 a - a +5 broad axe of draining (weapon)
 w - a +1 broad axe of flaming
Missiles
 B - 3 throwing nets
 D - 5 javelins
 H - 14 boomerangs (quivered)
Armour
 h - a +0 pair of gloves (worn)
 q - a +2 hat (worn)
 v - a scarf of repulsion (worn)
 F - a +0 pair of boots (worn)
 K - a +10 plate armour of ponderousness (worn)
 O - the +1 cloak "Axeruc" {rF+ Int+5}
   (You bought it in a shop on level 11 of the Dungeon)

   Int:       It affects your intelligence (+5).
   rF:        It protects you from fire.
 Q - a +0 tower shield (worn)
Jewellery
 b - a ring of resist corrosion
 i - a +4 ring of protection (left hand)
 x - an amulet of the acrobat (around neck)
 y - a ring of flight
 I - the ring "Ijash" (right hand) {rElec rC+ Will+}
   (You acquired it on level 2 of the Orcish Mines)

   [ring of protection from cold]

   rC:        It protects you from cold.
   rElec:     It insulates you from electricity.
   Will:      It increases your willpower.
 M - a ring of see invisible
 T - a ring of poison resistance
Wands
 e - a wand of mindburst (8)
 A - a wand of flame (12)
 R - a wand of paralysis (16)
 W - a wand of acid (4)
 X - a wand of iceblast (20)
 Z - a wand of digging (15)
Scrolls
 g - 3 scrolls of enchant weapon
 j - a scroll of fear
 k - 17 scrolls of teleportation
 p - 4 scrolls of fog
 r - 6 scrolls of identify
 s - 7 scrolls of poison
 t - 4 scrolls of blinking
 C - 6 scrolls of enchant armour
 E - 2 scrolls of silence
 L - 8 scrolls of immolation
 N - a scroll of summoning
 P - 3 scrolls of magic mapping
Potions
 c - 4 potions of cancellation
 d - 2 potions of flight
 f - 13 potions of curing
 l - 6 potions of heal wounds
 m - 7 potions of haste
 n - 5 potions of mutation
 o - 5 potions of berserk rage
 u - 7 potions of might
 z - 4 potions of invisibility
 G - a potion of magic
 S - 2 potions of resistance


   Skills:
 + Level 18.3 Fighting
 - Level 18.0 Axes
 + Level 4.7 Throwing
 + Level 18.1 Armour
 + Level 13.0 Dodging
 - Level 20.0 Shields
 + Level 4.3 Evocations


You had 17 spell levels left.
You didn't know any spells.
Your spell library was empty.

Dungeon Overview and Level Annotations

Branches:
Dungeon (15/15)            Temple (0/1) D:5            Lair (5/5) D:9
  Swamp (4/4) Lair:3       Spider (4/4) Lair:3        Slime (0/5) Lair:4
    Orc (2/2) D:9             Elf (0/3) Orc:2        Vaults (0/5) D:13
 Depths (0/4) D:15          Sewer (visited)

Altars:
Ashenzari
Cheibriados
Elyvilon
Fedhas
Ru
Sif Muna
Trog
Vehumet
Wu Jian
Xom
Yredelemnul
Jiyva

Shops:
D:2 =   D:11 [   Orc:2 !*:?

Annotations:
Lair:2 exclusion: orange crystal statue
Lair:5 exclusion: oklob plant
Spider:3 Arachne


Innate Abilities, Weirdness & Mutations

You have a pair of horns on your head.
You reflexively headbutt those who attack you in melee.


Message History

Arachne casts a spell.
Arachne blinks!
You feel very sick.
Arachne stares at you and mumbles some strange words.
The bolt of poison hits you!
You are more poisoned.
* * * LOW HITPOINT WARNING * * *
You feel a strong urge to attack something.
You feel extremely sick. You block Arachne's attack.
You barely miss Arachne.
Arachne is heavily wounded.
You feel very sick.
You slash Arachne!
Arachne is heavily wounded.
You feel very sick. Arachne casts a spell at you. The poison arrow hits you!
You are more poisoned.
* * * LOW HITPOINT WARNING * * *
You slice Arachne like a ripe choko!!! You drain Arachne. You headbutt Arachne!
Arachne is almost dead.
* * * LOW HITPOINT WARNING * * *
You feel very sick.
Arachne mumbles some strange words.
Arachne blinks!
You are too berserk!
You are too berserk!
There is a lethal amount of poison in your body!
* * * LOW HITPOINT WARNING * * *
You feel very sick.
You feel a strong urge to attack something.
You are no longer berserk.
You are exhausted.
You feel yourself slow down.
* * * LOW HITPOINT WARNING * * *
You feel very sick.
You slice Arachne!! You drain Arachne! You headbutt Arachne.
Arachne is almost dead.
You die...

#.....##....).#.#####
##..?..#.##.........#
#.^..(.....#.......#
###........#.....#.#
#^.............###
###..#####..####
#^.#...##.^###
###.>..ยง.#.^.^#
##^.H@........##
#...#...^.^^.##
##############


You could see Arachne (drained).

Vanquished Creatures
  Bai Suzhen (Swamp:3)
  Nikola (Swamp:4)
  A tentacled monstrosity (Swamp:4)
  Mlioglotl (Swamp:3)
  Kirke (Spider:2)
  Agnes (Spider:2)
  2 thorn hunters
  Donald (Swamp:3)
  2 emperor scorpions
  2 ghost moths
  Louise (Swamp:4)
  A broodmother (Spider:3)
  2 vampire knights (Swamp:3)
  2 eleionomae
  2 bunyips
  4 spark wasps
  The ghost of Juurud the Merfolkian Cataclysm, a journeyman MfGl of Qazlal (Lair:3)
  An entropy weaver (Spider:3)
  A fire dragon (D:14)
  2 ettins
  12 hydras
  3 shambling mangroves
  Erica (D:8)
  4 ghost crabs
  3 catoblepae
  4 ogre magi (Orc:2)
  2 radroaches
  8 centaur warriors
  5 alligators
  10 boulder beetles
  A death scarab (Spider:4)
  10 death yaks
  2 tengu warriors
  21 two-headed ogres
  A deep troll shaman (Lair:5)
  Urug (Lair:4)
  5 pharaoh ants
  A spectral death yak (Lair:3)
  2 skysharks
  4 spriggans
  9 skeletal warriors
  2 sun moths (Spider:4)
  A deep troll (D:15)
  5 bog bodies
  7 goliath frogs
  8 swamp dragons
  8 slime creatures
  3 spriggan druids (Swamp:4)
  3 wizards
  2 flayed ghosts
  7 orb spiders
  2 orc knights
  4 spectral hydras
  2 phantasmal warriors
  2 deep elf pyromancers (D:14)
  A necromancer (D:15)
  3 oklob plants (Swamp:4)
  8 steelbarb worms
  A lindwurm (D:13)
  A spectral boulder beetle (Lair:3)
  18 wolf spiders
  6 ugly things
  4 cyclopes
  8 will-o-the-wisps
  An orc sorcerer (Orc:2)
  4 manticores
  2 moths of wrath (Spider:4)
  6 black mambas
  23 elephants
  7 torpor snails
  2 gargoyles
  6 cane toads
  6 demonic crawlers
  Maggie (D:9)
  3 komodo dragons
  An unseen horror zombie (D:7)
  Psyche (D:8)
  2 kobold demonologists
  3 efreet
  2 yaktaurs
  A death drake zombie (Swamp:4)
  3 meliai (D:14)
  6 trolls
  4 hydra zombies (Swamp:4)
  9 tyrant leeches
  A spectral dream sheep (Lair:3)
  12 tarantellas
  10 hornets
  3 death drake skeletons (Swamp:4)
  3 dream sheep (Lair:2)
  A dream sheep (shapeshifter) (D:15)
  21 blink frogs
  13 jumping spiders
  2 centaur simulacra (D:14)
  11 culicivoras
  48 yaks
  5 wyverns
  4 wraiths
  3 basilisks
  2 humans (shapeshifter)
  6 hogs (Spider:2)
  3 steam dragons
  37 redbacks
  14 vampire mosquitoes
  14 swamp worms
  5 acid dragons
  3 wargs
  A spectral cane toad (Lair:3)
  3 hydra simulacra (Swamp:4)
  12 orc warriors
  15 water moccasins
  4 swamp drakes
  Duvessa (D:7)
  3 black bears
  An ice beast (D:8)
  26 ogres
  35 wolves
  13 centaurs
  4 phantoms
  3 kobold brigands
  A swamp dragon skeleton (Swamp:4)
  10 bullfrogs
  2 gnoll sergeants
  3 scorpions
  A cane toad simulacrum (Lair:3)
  5 wights (D:9)
  Dowan (D:7)
  3 killer bees (D:9)
  2 howler monkeys (D:9)
  2 spectral centaurs (D:7)
  5 electric eels
  A torpor snail simulacrum (Lair:3)
  5 jellies
  2 lava snakes (Lair:2)
  A gnoll bouda (D:8)
  3 hounds (D:6)
  13 orc priests
  A bullfrog skeleton (D:7)
  2 sleepcaps
  21 orc wizards
  24 gnolls
  16 adders
  3 river rats (Sewer)
  A shadow imp (D:7)
  2 white imps
  4 worms
  2 dart slugs
  53 orcs
  18 ball pythons
  6 bats
  10 endoplasms
  4 giant cockroaches
  11 goblins
  7 hobgoblins
  6 jackals
  15 kobolds
  2 quokkas
  6 frilled lizards
  29 rats
  A starspawn tentacle (Swamp:3)
984 creatures vanquished.

Vanquished Creatures (others)
  2 goliath frogs
  5 bloated husks
  A human (Spider:2)
  A swamp drake (Swamp:4)
  44 foxfires
  2 starspawn tentacles (Swamp:3)
55 creatures vanquished.

Grand Total: 1039 creatures vanquished

Notes
Turn   | Place    | Note
-------+----------+-------------------------------------------
     0 | D:1      | Gumption the Minotaur Berserker began the quest for the
                  | Orb.
     0 | D:1      | Reached XP level 1. HP: 19/19 MP: 0/0
   245 | D:1      | Reached XP level 2. HP: 22/27 MP: 1/1
   665 | D:1      | Reached XP level 3. HP: 26/33 MP: 2/2
   685 | D:1      | Reached ** piety under Trog
  1402 | D:2      | Found Luic's Jewellery Boutique.
  1637 | D:2      | Reached skill level 5 in Axes
  1637 | D:2      | Reached XP level 4. HP: 41/41 MP: 3/3
  2342 | D:3      | Found a sacrificial altar of Ru.
  2373 | D:3      | Reached XP level 5. HP: 27/47 MP: 4/4
  3014 | D:4      | Reached skill level 5 in Fighting
  3024 | D:4      | Found a glowing drain.
  3048 | D:4      | Reached *** piety under Trog
  3059 | Sewer    | Entered a sewer
  3166 | Sewer    | Reached XP level 6. HP: 43/56 MP: 5/5
  3383 | Sewer    | Reached **** piety under Trog
  3790 | D:4      | Reached skill level 5 in Armour
  3790 | D:4      | Reached XP level 7. HP: 62/62 MP: 6/6
  4366 | D:5      | Entered Level 5 of the Dungeon
  4565 | D:5      | Noticed a steam dragon
  4576 | D:5      | Killed a steam dragon
  4659 | D:5      | Found a staircase to the Ecumenical Temple.
  4663 | D:5      | Identified the +8 dagger "Heoloimi" {freeze, rElec rF+}
  5085 | D:5      | Reached XP level 8. HP: 71/71 MP: 7/7
  5251 | D:6      | Found a bloodstained altar of Trog.
  5498 | D:6      | Found a shimmering altar of Xom.
  5498 | D:6      | Found a snail-covered altar of Cheibriados.
  5966 | D:7      | Reached skill level 10 in Axes
  6072 | D:7      | Found an ornate altar of the Wu Jian Council.
  6080 | D:7      | Reached XP level 9. HP: 50/81 MP: 8/8
  6661 | D:7      | Noticed Duvessa
  6661 | D:7      | Noticed Dowan
  6670 | D:7      | Killed Duvessa
  6673 | D:7      | Killed Dowan
  6825 | D:7      | Identified the +0 dagger of Iguen {pain, Will++ MP+9 Str-2
                  | Stlth+}
  7083 | D:8      | Reached skill level 1 in Shields
  7144 | D:8      | Reached skill level 2 in Shields
  7144 | D:8      | Reached XP level 10. HP: 82/91 MP: 9/9
  7250 | D:8      | Noticed Erica
  7281 | D:8      | Killed Erica
  7282 | D:8      | Reached skill level 3 in Shields
  7866 | D:8      | Reached skill level 4 in Shields
  7931 | D:8      | Noticed Psyche
  8183 | D:8      | Killed Psyche
  8210 | D:9      | Found a staircase to the Orcish Mines.
  8440 | D:9      | Noticed Maggie
  8453 | D:9      | Killed Maggie
  8454 | D:9      | Reached skill level 5 in Shields
  8626 | D:9      | Noticed a death yak
  8639 | D:9      | Reached skill level 10 in Fighting
  8649 | D:9      | Noticed a death yak
  8649 | D:9      | Noticed a death yak
  8668 | D:9      | Killed a death yak
  8669 | D:9      | Reached skill level 6 in Shields
  8673 | D:9      | Killed a death yak
  8682 | D:9      | Killed a death yak
  8683 | D:9      | Reached skill level 10 in Armour
  8683 | D:9      | Reached XP level 11. HP: 21/101 MP: 10/10
  8687 | D:9      | Reached skill level 7 in Shields
  8930 | D:9      | Found a staircase to the Lair.
  9000 | D:9      | Found a white marble altar of Elyvilon.
  9000 | D:9      | Found a shimmering blue altar of Sif Muna.
  9639 | D:10     | Entered Level 10 of the Dungeon
  9919 | D:10     | Found a blossoming altar of Fedhas.
 10394 | D:10     | Found a radiant altar of Vehumet.
 10718 | Lair:1   | Entered Level 1 of the Lair of Beasts
 10839 | Lair:1   | Reached skill level 8 in Shields
 11808 | Lair:2   | Reached skill level 9 in Shields
 11811 | Lair:2   | Identified the +5 chain mail "Sakkiggi" {rElec rF+ MP+9
                  | Dex+5}
 11913 | Lair:2   | Reached skill level 15 in Axes
 12246 | Lair:2   | Reached skill level 13 in Shields
 12246 | Lair:2   | Reached XP level 12. HP: 110/110 MP: 11/11
 12353 | Lair:2   | Reached ***** piety under Trog
 12791 | Lair:2   | Reached XP level 13. HP: 116/116 MP: 12/12
 13351 | Lair:3   | Found a hole to the Spider Nest.
 13674 | Lair:3   | Reached skill level 14 in Shields
 14026 | Lair:3   | HP: 4/117 [bog body/bolt of cold (36)]
 14205 | Lair:3   | Found a staircase to the Swamp.
 14296 | Lair:3   | Found a runed translucent gate.
 14296 | Lair:3   | Found a runed translucent gate.
 14296 | Lair:3   | Found a runed translucent gate.
 14298 | Lair:3   | Noticed Juurud's ghost (journeyman MfGl)
 15507 | Lair:4   | Found a staircase to the Slime Pits.
 15571 | Lair:4   | Noticed Urug
 15582 | Lair:4   | Reached skill level 15 in Shields
 15598 | Lair:4   | Killed Urug
 15815 | Lair:4   | Found a viscous altar of Jiyva.
 15981 | Lair:5   | Entered Level 5 of the Lair of Beasts
 16033 | Lair:5   | Received a gift from Trog
 16228 | Lair:5   | Found a shimmering altar of Xom.
 16376 | Lair:5   | Reached XP level 14. HP: 127/127 MP: 13/13
 17078 | Lair:5   | Reached skill level 16 in Shields
 17603 | Lair:5   | Received a gift from Trog
 18620 | D:11     | Found Hong's Antique Armour Boutique.
 18645 | D:11     | Bought a bloodstained cloak for 351 gold pieces
 18645 | D:11     | Identified the +1 cloak "Axeruc" {rF+ Int+5} (You bought it
                  | in a shop on level 11 of the Dungeon)
 20130 | D:12     | Reached skill level 5 in Dodging
 21195 | D:13     | Identified the +3 mace "Cetoak" {venom, rN+ rCorr}
 21424 | D:13     | Found a gate to the Vaults.
 21799 | D:14     | Found a broken altar of Ashenzari.
 21952 | D:14     | Reached skill level 17 in Shields
 21952 | D:14     | Reached XP level 15. HP: 137/137 MP: 14/14
 22333 | D:14     | Found a runed translucent door.
 22512 | D:14     | Found a runed translucent door.
 22833 | D:15     | Entered Level 15 of the Dungeon
 23443 | D:15     | Found a staircase to the Depths.
 23527 | D:15     | Reached skill level 15 in Fighting
 24343 | Lair:3   | Killed Juurud's ghost
 24556 | Swamp:1  | Entered Level 1 of the Swamp
 24584 | Swamp:1  | Reached skill level 15 in Armour
 24657 | Swamp:1  | Reached skill level 18 in Shields
 24803 | Swamp:1  | Reached ****** piety under Trog
 25542 | Swamp:2  | Reached XP level 16. HP: 117/149 MP: 15/15
 25629 | Swamp:2  | Noticed a thorn hunter
 25636 | Swamp:2  | Killed a thorn hunter
 25668 | Swamp:2  | Received a gift from Trog
 26764 | Swamp:3  | Noticed Mlioglotl
 26775 | Swamp:3  | Noticed a tentacled starspawn
 26784 | Swamp:3  | Killed Mlioglotl
 27093 | Swamp:3  | Noticed Bai Suzhen
 27129 | Swamp:3  | Killed Bai Suzhen
 27130 | Swamp:3  | Reached skill level 10 in Dodging
 27601 | Swamp:4  | Entered Level 4 of the Swamp
 27602 | Swamp:4  | Noticed Donald
 27603 | Swamp:4  | Noticed a tentacled monstrosity
 28501 | Swamp:3  | Killed Donald
 28502 | Swamp:3  | Reached skill level 19 in Shields
 28637 | Swamp:4  | Noticed Louise
 28655 | Swamp:4  | Killed a tentacled monstrosity
 28976 | Swamp:4  | Killed Louise
 29033 | Swamp:4  | Paralysed by something for 3 turns
 29036 | Swamp:4  | HP: 7/152 [something (9)]
 29056 | Swamp:3  | HP: 6/228 [something (8)]
 29357 | Swamp:4  | Noticed Nikola
 29393 | Swamp:3  | Identified the +5 war axe of the Shark {flame, Contam *Slow
                  | Fly rN++ Str+2} (Trog gifted it to you on level 3 of the
                  | Swamp)
 29393 | Swamp:3  | Received a gift from Trog
 29601 | Swamp:4  | Killed Nikola
 30090 | Swamp:4  | Noticed a thorn hunter
 30091 | Swamp:4  | Found a blossoming altar of Fedhas.
 30111 | Swamp:4  | Killed a thorn hunter
 30112 | Swamp:4  | Reached XP level 17. HP: 100/160 MP: 16/16
 30250 | Swamp:4  | Found a basalt altar of Yredelemnul.
 30505 | Swamp:4  | Got a decaying rune of Zot
 30710 | Spider:1 | Entered Level 1 of the Spider Nest
 32257 | Spider:2 | Noticed Kirke
 32271 | Spider:2 | Received a gift from Trog
 32277 | Spider:2 | Killed Kirke
 32466 | Spider:2 | Noticed Agnes
 32476 | Spider:2 | Killed Agnes
 32977 | Spider:3 | Reached skill level 1 in Throwing
 32997 | Spider:3 | Reached skill level 1 in Evocations
 33291 | Spider:3 | Reached skill level 20 in Shields
 33814 | Spider:3 | Received a gift from Trog
 34297 | Orc:1    | Entered Level 1 of the Orcish Mines
 34389 | Orc:2    | Entered Level 2 of the Orcish Mines
 34389 | Orc:2    | Found a staircase to the Elven Halls.
 34758 | Orc:2    | Found Gairiy's Book Emporium.
 34758 | Orc:2    | Found Zedock's Magic Scroll Shop.
 34759 | Orc:2    | Found Nuscheze's Distillery.
 34759 | Orc:2    | Found Atacun's General Store.
 34786 | Orc:2    | Paralysed by something for 4 turns
 34831 | Orc:2    | Reached XP level 18. HP: 150/172 MP: 17/17
 35300 | Orc:2    | Bought a scroll of acquirement for 832 gold pieces
 35302 | Orc:2    | Acquired the ring "Ijash" {rElec rC+ Will+}
 35590 | Spider:4 | Entered Level 4 of the Spider Nest
 35687 | Spider:4 | Received a gift from Trog
 36906 | Spider:4 | Noticed Arachne
 36927 | Spider:3 | HP: 8/259 [poisoned by Arachne (poison arrow)]
 36928 | Spider:3 | HP: 1/173 [poisoned by Arachne (poison arrow)]
 36929 | Spider:3 | Succumbed to Arachne's poison arrow

Illustrated notes

Levels and vault maps discovered:
D:1:      sevenhm_arrival_forest_fort_small_4, layout_basic
D:2:      layout_basic, serial_shops, shop
D:3:      layout_rooms, hangedman_ru_absence
D:4:      layout_layer_cave, cheibrodos_sewer_entry_bend
D:5:      layout_loops_cross, minmay_temple_entry_glass, dk_vineyard_3,
          feat_on_display
D:6:      layout_loops_cross, overflow_temple_1_default,
          mainiacjoe_overflow_divided_tiny
D:7:      layout_basic, overflow_temple_1_default, dilly_guarded_unrand_morg,
          uniq_duvessa
D:8:      layout_gridville, uniq_psyche, uniq_erica
D:9:      layout_loops_ring, gammafunk_temple_overflow_statue,
          dpeg_lair_monsters, hangedman_decor_push, uniq_maggie
D:10:     layout_basic, mainiacjoe_overflow_surrounded_room,
          vehumet_altar_wand_db
D:11:     layout_basic, serial_shops, nicolae_square_shop
D:12:     layout_loops_corners, grunt_decor_resistance
D:13:     layout_loops_ring, david_vaults_4, drop_trap, minmay_misc_feat_iff,
          kennysheep_pointless_box
D:14:     cheibrodos_histonic, layout_rooms, nicolae_ashenzari_skybound
D:15:     hangedman_depths_entry_civil_slaughter, layout_cave_pods,
          kennysheep_flooded_box
Lair:1:   layout_gridlike
Lair:2:   layout_chaotic_city, disabler_island, infiniplex_staircase_pool_2
Lair:3:   layout_cave_pods, nicolae_swamp_entry_splash_gauntlet,
          nicolae_spider_entry_lesser_pyramids, gammafunk_ghost_necromancy,
          chequers_serial_rivers_micro_d, serial_bayou_shore_a,
          serial_bayou_shore_b
Lair:4:   layout_loops_ring, nicolae_slime_entry_field_trip, uniq_urug
Lair:5:   grunt_lair_end_beastmaster, layout_regular_city,
          chequers_serial_rivers_micro_b, minivault_25, lemuel_oklob_altar
Swamp:1:  layout_basic_swamp, serial_swamp_ruin, evilmike_swamp_ruin_house_6,
          evilmike_swamp_ruin_rubble_1, hangedman_swamp_ruin_wall
Swamp:2:  layout_basic_swamp, nicolae_swamp_feature_on_the_river_bank
Swamp:3:  layout_basic_swamp, evilmike_swamp_ruin_house_5,
          infiniplex_staircase_pool, uniq_mlioglotl, uniq_bai_suzhen
Swamp:4:  byrel_swamp_growth_death_and_undeath, layout_basic_swamp,
          roderic_carrion_pond, uniq_donald, uniq_louise, uniq_nikola
Spider:1: layout_spider_delve, spiders_nest_spider_trap
Spider:2: layout_spider_delve, nicolae_spider_orb_run, uniq_kirke, uniq_agnes
Spider:3: layout_spider_delve, nicolae_spider_bzzzt
Spider:4: hellmonk_spider_rune_endless_swarm, uniq_arachne
Orc:1:    layout_diamond_mine, basic_altar
Orc:2:    st_orc_ogre_mass, layout_caves

Skill      XL: |  1  2  3  4  5  6  7  8  9 10 11 12 13 14 15 16 17 18 |
---------------+-------------------------------------------------------+-----
Axes           | 4 5 6 7 8 10 12 13 15 17 18 | 18.0
Fighting       | 4 5 6 8 9 10 11 12 13 15 16 18 | 18.3
Armour         | 3 4 5 6 7 8 10 11 12 13 15 16 17 18 | 18.1
Shields        | 2 6 13 15 17 18 19 20 | 20.0
Dodging        | 6 9 11 12 13 | 13.0
Throwing       | 3 4 |  4.7
Evocations     | 3 4 |  4.3

Action                     |  1- 3 |  4- 6 |  7- 9 | 10-12 | 13-15 | 16-18 || total
---------------------------+-------+-------+-------+-------+-------+-------++-------
  Melee: Hand axe          |    88 |   176 |   227 |       |       |       ||   491
         Headbutt          |    12 |    22 |    68 |   108 |   337 |   322 ||   869
         Punch             |       |     1 |     2 |       |       |       ||     3
         War axe           |       |       |    51 |   395 |   290 |       ||   736
         Broad axe         |       |       |       |       |   907 |  1201 ||  2108
         Scimitar          |       |       |       |       |    24 |    46 ||    70
  Throw: Dart              |       |       |    11 |       |       |       ||    11
         Boomerang         |       |       |     1 |       |       |    25 ||    26
 Invoke: Trog's Hand       |       |     2 |     6 |     6 |    11 |    32 ||    57
         Berserk           |       |     1 |     1 |     2 |     3 |     3 ||    10
  Evoke: Wand              |       |       |       |       |     2 |    12 ||    14
    Use: Scroll            |       |     9 |     4 |     8 |    12 |     3 ||    36
         Potion            |       |       |       |     1 |     2 |     2 ||     5
   Stab: Sleeping          |     2 |     2 |     1 |       |       |       ||     5
         Distracted        |       |     1 |       |       |       |       ||     1
         Petrified         |       |       |       |       |    18 |       ||    18
         Petrifying        |       |       |       |       |     1 |       ||     1
 Armour: Animal skin       |    23 |    75 |    19 |       |       |       ||   117
         Leather armour    |       |       |    16 |       |       |       ||    16
         Chain mail        |       |       |    71 |    37 |   463 |   105 ||   676
         Plate armour      |       |       |    37 |    89 |       |    68 ||   194
         Swamp dragon scal |       |       |       |    26 |       |       ||    26
         Storm dragon scal |       |       |       |       |       |   503 ||   503
  Dodge: Dodged            |    51 |   145 |   137 |   126 |   377 |   509 ||  1345
         Repelled          |       |       |       |       |     1 |     4 ||     5
  Block: Kite shield       |       |       |     3 |   170 |   736 |   262 ||  1171
         Tower shield      |       |       |       |       |       |   772 ||   772
